3AA
SAN ANTONIO BC @ OTTAWA NATIONALS
08/20/2038
 
TOP OF THE 1ST
San Antonio BC batting - Pitching for Ottawa Nationals : LHP Gerald Emerson
Pitching: LHP Gerald Emerson
Batting: RHB Ionut Tintoaca 0-0: Ball
1-0: Ground out 6-3 (Groundball, 6, EV 109.4 MPH)
Batting: RHB Kamakakoa Kaponianani 0-0: Foul Ball, location: 2F
0-1: Swinging Strike
0-2: Foul Ball, location: 2F
0-2: Ball
1-2: Foul Ball, location: 2F
1-2: Ball
2-2: Ball
3-2: SINGLE (Flyball, 9S, EV 91.2 MPH)
Batting: LHB Philip Todd 0-0: Foul Ball, location: 2F
0-1: Swinging Strike
0-2: Strikes out swinging
Batting: RHB José Salinas 0-0: Fly out, F8 (Flyball, 8RM, EV 96.2 MPH)
Top of the 1st over - 0 runs, 1 hit, 0 errors, 1 left on base; San Antonio 0 - Ottawa 0
BOTTOM OF THE 1ST
Ottawa Nationals batting - Pitching for San Antonio BC : RHP Steve Fitzpatrick
Pitching: RHP Steve Fitzpatrick
Batting: LHB Jason Powell 0-0: Called Strike
0-1: Foul Ball, location: 2F
0-2: Strikes out swinging
Batting: SHB Júlio Moreno 0-0: Swinging Strike
0-1: Ball
1-1: Ball
2-1: Ground out U3 (Groundball, 3, EV 85.0 MPH)
Batting: LHB Luis Soto 0-0: Foul Ball, location: 2F
0-1: Ball
1-1: Ball
2-1: Foul Ball, location: 2F
2-2: Ball
3-2: Base on Balls
Batting: RHB Cary Collins 0-0: Ball
Luis Soto steals 2nd base
1-0: Called Strike
1-1: Called Strike
1-2: Foul Ball, location: 2F
1-2: Fly out, F7 (Flyball, 7LM, EV 103.1 MPH)
Bottom of the 1st over - 0 runs, 0 hits, 0 errors, 1 left on base; San Antonio 0 - Ottawa 0
TOP OF THE 2ND
San Antonio BC batting - Pitching for Ottawa Nationals : LHP Gerald Emerson
Batting: RHB Tong-sik Im 0-0: Called Strike
0-1: Ball
1-1: Ball
2-1: Ball
3-1: SINGLE (Line Drive, 8RS, EV 93.8 MPH)
Batting: LHB Armando Vińa 0-0: Called Strike
0-1: Called Strike
0-2: Fielders Choice at 2nd, 5-4 (Groundball, 56S, EV 83.1 MPH)
Batting: RHB Sergio Chávez 0-0: Ball
Armando Vińa steals 2nd base
1-0: Swinging Strike
1-1: Swinging Strike
1-2: Fly out, F8 (Line Drive, 8LM, EV 89.4 MPH)
Batting: RHB George Towns 0-0: SINGLE (Line Drive, 34D, EV 98.1 MPH)
Armando Vińa to third
Runner from 3rd tries for Home, SAFE, throw by RF to home
Batting: RHB De-wei Mo 0-0: Ball
1-0: Swinging Strike
1-1: Ball
2-1: Ball
3-1: Base on Balls
George Towns to second
Batting: RHB Ionut Tintoaca 0-0: Foul Ball, location: 2F
0-1: Ball
1-1: Swinging Strike
1-2: Foul Ball, location: 2F
1-2: Strikes out swinging
Top of the 2nd over - 1 run, 2 hits, 0 errors, 2 left on base; San Antonio 1 - Ottawa 0
BOTTOM OF THE 2ND
Ottawa Nationals batting - Pitching for San Antonio BC : RHP Steve Fitzpatrick
Batting: RHB Sallvador Rebola 0-0: Fly out, F6 (Popup, 6MD, EV 49.4 MPH)
Batting: RHB Rey McSriff 0-0: Ball
1-0: Foul Ball, location: 2F
1-1: Called Strike
1-2: Ball
2-2: Strikes out swinging
Batting: RHB Manuel Vroonland 0-0: Ball
1-0: Ball
2-0: Foul Ball, location: 2F
2-1: Foul Ball, location: 2F
2-2: Foul Ball, location: 2F
2-2: Ball
3-2: Base on Balls
Batting: RHB Cheh Zhi 0-0: SINGLE (Groundball, 3D, EV 109.4 MPH)
Manuel Vroonland to second
Runner from 2nd tries for 3rd, SAFE, throw by RF made to third
Batting: RHB Chi-hyeong Kim 0-0: Ball
1-0: Ground out 4-3 (Groundball, 34, EV 85.6 MPH)
Bottom of the 2nd over - 0 runs, 1 hit, 0 errors, 2 left on base; San Antonio 1 - Ottawa 0
TOP OF THE 3RD
San Antonio BC batting - Pitching for Ottawa Nationals : LHP Gerald Emerson
Batting: RHB Kamakakoa Kaponianani 0-0: Swinging Strike
0-1: SINGLE (Groundball, 34D, EV 100.0 MPH)
Batting: LHB Philip Todd 0-0: Ball
1-0: Swinging Strike
1-1: Foul Ball, location: 2F
1-2: Foul Ball, location: 2F
1-2: SINGLE (Line Drive, 3D, EV 98.8 MPH)
Kamakakoa Kaponianani to second
Runner from 2nd tries for 3rd, SAFE, no throw by RF
Batting: RHB José Salinas 0-0: Foul Ball, location: 2F
0-1: Swinging Strike
0-2: Foul Ball, location: 2F
0-2: Strikes out swinging
Batting: RHB Tong-sik Im 0-0: Ball
1-0: Foul Ball, location: 2F
1-1: Fly out, F1 (Popup, 15, EV 84.4 MPH)
Batting: LHB Armando Vińa 0-0: Fly out, F8 (Flyball, 8LD, EV 100.0 MPH)
Top of the 3rd over - 0 runs, 2 hits, 0 errors, 2 left on base; San Antonio 1 - Ottawa 0
BOTTOM OF THE 3RD
Ottawa Nationals batting - Pitching for San Antonio BC : RHP Steve Fitzpatrick
Batting: LHB Jason Powell 0-0: Called Strike
0-1: Swinging Strike
0-2: Ground out 1-3 (Groundball, 34S, EV 80.0 MPH)
Batting: SHB Júlio Moreno 0-0: Called Strike
0-1: Ball
1-1: Swinging Strike
1-2: Ground out 6-3 (Groundball, 6S, EV 81.9 MPH)
Batting: LHB Luis Soto 0-0: Swinging Strike
0-1: Swinging Strike
0-2: Ball
1-2: Foul Ball, location: 2F
1-2: Ball
2-2: Ball
3-2: Base on Balls
Batting: RHB Cary Collins 0-0: Ball
1-0: Ball
2-0: Ball
3-0: Called Strike
3-1: Foul Ball, location: 2F
3-2: Base on Balls
Luis Soto to second
Batting: RHB Sallvador Rebola 0-0: Foul Ball, location: 2F
0-1: Ball
1-1: Swinging Strike
1-2: Strikes out swinging
Bottom of the 3rd over - 0 runs, 0 hits, 0 errors, 2 left on base; San Antonio 1 - Ottawa 0
TOP OF THE 4TH
San Antonio BC batting - Pitching for Ottawa Nationals : LHP Gerald Emerson
Batting: RHB Sergio Chávez 0-0: Ground out 6-3 (Groundball, 6, EV 97.5 MPH)
Batting: RHB George Towns 0-0: SOLO HOME RUN (Line Drive, 78XD, EV 104.4 MPH), Distance : 400 ft
Batting: RHB De-wei Mo 0-0: Foul Ball, location: 2F
0-1: Ball
1-1: SINGLE (Groundball, 25, EV 64.4 MPH) (infield hit)
Batting: RHB Ionut Tintoaca 0-0: Called Strike
De-wei Mo steals 2nd base
0-1: Ball
1-1: Foul Ball, location: 2F
1-2: Ground out 5-3 (Groundball, 56S, EV 81.2 MPH)
Batting: RHB Kamakakoa Kaponianani 0-0: Foul Ball, location: 2F
0-1: Ball
1-1: SINGLE (Groundball, 34D, EV 103.1 MPH)
De-wei Mo to third
Runner from 3rd tries for Home, SAFE, no throw by RF
Batting: LHB Philip Todd 0-0: Called Strike
0-1: Ball
1-1: Foul Ball, location: 2F
1-2: Ball
2-2: Strikes out swinging
Top of the 4th over - 2 runs, 3 hits, 0 errors, 1 left on base; San Antonio 3 - Ottawa 0
BOTTOM OF THE 4TH
Ottawa Nationals batting - Pitching for San Antonio BC : RHP Steve Fitzpatrick
Batting: RHB Rey McSriff 0-0: Ball
1-0: Foul Ball, location: 2F
1-1: SINGLE (Groundball, 6MD, EV 105.0 MPH)
Batting: RHB Manuel Vroonland 0-0: Ball
1-0: Called Strike
1-1: Fly out, F4 (Popup, 4S, EV 77.5 MPH)
Batting: RHB Cheh Zhi 0-0: Ball
1-0: Called Strike
1-1: Ball
2-1: Foul Ball, location: 2F
2-2: Grounds into double play, 5-4-3 (Groundball, 56, EV 85.6 MPH)
Bottom of the 4th over - 0 runs, 1 hit, 0 errors, 0 left on base; San Antonio 3 - Ottawa 0
TOP OF THE 5TH
San Antonio BC batting - Pitching for Ottawa Nationals : LHP Gerald Emerson
Batting: RHB José Salinas 0-0: Called Strike
0-1: Swinging Strike
0-2: Ball
1-2: Ball
2-2: Foul Ball, location: 2F
2-2: Ball
3-2: Base on Balls
Batting: RHB Tong-sik Im 0-0: SINGLE (Groundball, 56D, EV 100.6 MPH)
José Salinas to second
Batting: LHB Armando Vińa 0-0: Sac Bunt to P - play at first, batter OUT! 1-3
José Salinas to third
Tong-sik Im to second
Batting: RHB Sergio Chávez 0-0: Foul Ball, location: 2F
0-1: Foul Ball, location: 2F
0-2: Ball
1-2: Ball
2-2: DOUBLE (Line Drive, 9LM, EV 92.5 MPH)
José Salinas scores
Tong-sik Im scores
Pitching: RHP Yoshihide Hirata
Batting: RHB George Towns 0-0: Ball
1-0: Called Strike
1-1: Ball
2-1: Ball
3-1: Called Strike
3-2: Base on Balls
Batting: RHB De-wei Mo 0-0: Called Strike
0-1: SINGLE (Groundball, 56D, EV 98.8 MPH)
Sergio Chávez to third
George Towns to second
Batting: RHB Ionut Tintoaca 0-0: Called Strike
0-1: Foul Ball, location: 2F
0-2: Fly out, F1 (Line Drive, P, EV 71.2 MPH)
Batting: RHB Kamakakoa Kaponianani 0-0: SINGLE (Line Drive, 7S, EV 105.0 MPH)
Sergio Chávez scores
George Towns to third
De-wei Mo to second
Batting: LHB Philip Todd 0-0: Swinging Strike
0-1: Ball
1-1: Swinging Strike
1-2: Strikes out looking
Top of the 5th over - 3 runs, 4 hits, 0 errors, 3 left on base; San Antonio 6 - Ottawa 0
BOTTOM OF THE 5TH
Ottawa Nationals batting - Pitching for San Antonio BC : RHP Steve Fitzpatrick
Batting: RHB Chi-hyeong Kim 0-0: Called Strike
0-1: Swinging Strike
0-2: Ball
1-2: Strikes out swinging
Batting: LHB Jason Powell 0-0: Called Strike
0-1: Swinging Strike
0-2: Ground out 6-3 (Groundball, 6S, EV 73.1 MPH)
Batting: SHB Júlio Moreno 0-0: Called Strike
0-1: Ball
1-1: Ball
2-1: Ball
3-1: Called Strike
3-2: Base on Balls
Batting: LHB Luis Soto 0-0: Called Strike
0-1: Ball
1-1: Called Strike
Júlio Moreno steals 2nd base (no throw)
1-2: Ball
2-2: Strikes out swinging
Bottom of the 5th over - 0 runs, 0 hits, 0 errors, 1 left on base; San Antonio 6 - Ottawa 0
TOP OF THE 6TH
San Antonio BC batting - Pitching for Ottawa Nationals : RHP Yoshihide Hirata
Batting: RHB José Salinas 0-0: Ball
1-0: Ball
2-0: Called Strike
2-1: Foul Ball, location: 2F
2-2: Ball
3-2: Base on Balls
Batting: RHB Tong-sik Im 0-0: Called Strike
0-1: Ball
1-1: Foul Ball, location: 2F
1-2: Foul Ball, location: 2F
1-2: Fly out, F7 (Flyball, 7LSF, EV 89.4 MPH)
Batting: LHB Armando Vińa 0-0: Foul Ball, location: 2F
0-1: Foul Ball, location: 2F
0-2: Strikes out swinging
Batting: RHB Sergio Chávez 0-0: Ball
1-0: Called Strike
1-1: Ground out 1-3 (Groundball, 15, EV 80.0 MPH)
Top of the 6th over - 0 runs, 0 hits, 0 errors, 1 left on base; San Antonio 6 - Ottawa 0
BOTTOM OF THE 6TH
Ottawa Nationals batting - Pitching for San Antonio BC : RHP Steve Fitzpatrick
Batting: RHB Cary Collins 0-0: Ball
1-0: Called Strike
1-1: Swinging Strike
1-2: Foul Ball, location: 2F
1-2: Ground out 5-3 (Groundball, 56, EV 86.2 MPH)
Batting: RHB Sallvador Rebola 0-0: Ground out 4-3 (Groundball, 34D, EV 103.8 MPH)
Batting: RHB Rey McSriff 0-0: Ball
1-0: Ball
2-0: Ball
3-0: Base on Balls
Batting: RHB Manuel Vroonland 0-0: Ball
1-0: Fielders Choice at 2nd, 6-4 (Groundball, 6, EV 83.8 MPH)
Bottom of the 6th over - 0 runs, 0 hits, 0 errors, 1 left on base; San Antonio 6 - Ottawa 0
TOP OF THE 7TH
San Antonio BC batting - Pitching for Ottawa Nationals : RHP Yoshihide Hirata
Batting: RHB George Towns 0-0: Swinging Strike
0-1: Ground out U3 (Groundball, 3L, EV 78.8 MPH)
Pitching: RHP Lawrence Parsons
Batting: RHB De-wei Mo 0-0: Ground out 1-3 (Groundball, 34S, EV 76.9 MPH)
Batting: RHB Ionut Tintoaca 0-0: Reached on error, E3 (Groundball, 3S, EV 83.8 MPH)
Batting: RHB Kamakakoa Kaponianani 0-0: Swinging Strike
0-1: Called Strike
Ionut Tintoaca is caught stealing 2nd base 2-4
Top of the 7th over - 0 runs, 0 hits, 1 error, 0 left on base; San Antonio 6 - Ottawa 0
BOTTOM OF THE 7TH
Ottawa Nationals batting - Pitching for San Antonio BC : RHP Steve Fitzpatrick
Batting: RHB Cheh Zhi 0-0: Ball
1-0: Called Strike
1-1: Ball
2-1: Fly out, F7 (Line Drive, 7, EV 98.8 MPH)
Pitching: RHP Johnny O'Quinn
Batting: RHB Chi-hyeong Kim 0-0: Called Strike
0-1: Foul Ball, location: 2F
0-2: Foul Ball, location: 2F
0-2: Ball
1-2: Ball
2-2: Foul Ball, location: 2F
2-2: Ground out 4-3 (Groundball, 4, EV 102.5 MPH)
Batting: LHB Jason Powell 0-0: Foul Ball, location: 2F
0-1: Ball
1-1: Ball
2-1: Foul Ball, location: 2F
2-2: Ground out 4-3 (Groundball, 4, EV 107.5 MPH)
Bottom of the 7th over - 0 runs, 0 hits, 0 errors, 0 left on base; San Antonio 6 - Ottawa 0
TOP OF THE 8TH
San Antonio BC batting - Pitching for Ottawa Nationals : RHP Lawrence Parsons
Batting: RHB Kamakakoa Kaponianani 0-0: Ball
1-0: Foul Ball, location: 2F
1-1: Foul Ball, location: 2F
1-2: Ground out U3 (Groundball, 3, EV 103.1 MPH)
Batting: LHB Philip Todd 0-0: Ball
1-0: Called Strike
1-1: Foul Ball, location: 2F
1-2: Ball
2-2: Foul Ball, location: 2F
2-2: Foul Ball, location: 2F
2-2: Strikes out swinging
Batting: RHB José Salinas 0-0: Foul Ball, location: 2F
0-1: Ball
1-1: Foul Ball, location: 2F
1-2: Fly out, F8 (Flyball, 8RXD, EV 98.1 MPH)
Top of the 8th over - 0 runs, 0 hits, 0 errors, 0 left on base; San Antonio 6 - Ottawa 0
BOTTOM OF THE 8TH
Ottawa Nationals batting - Pitching for San Antonio BC : RHP Johnny O'Quinn
Batting: SHB Júlio Moreno 0-0: Called Strike
0-1: Ball
1-1: Ball
2-1: Ball
3-1: Base on Balls
Batting: LHB Luis Soto 0-0: Foul Ball, location: 2F
0-1: Ball
1-1: Swinging Strike
1-2: Foul Ball, location: 2F
1-2: Strikes out swinging
Batting: RHB Cary Collins 0-0: Called Strike
0-1: Ball
1-1: SINGLE (Groundball, 56D, EV 103.8 MPH)
Júlio Moreno to second
Batting: RHB Sallvador Rebola 0-0: Ball
1-0: Fly out, F8 (Flyball, 78D, EV 99.4 MPH)
Batting: RHB Rey McSriff 0-0: Fly out, F9 (Flyball, 89D, EV 96.2 MPH)
Bottom of the 8th over - 0 runs, 1 hit, 0 errors, 2 left on base; San Antonio 6 - Ottawa 0
TOP OF THE 9TH
San Antonio BC batting - Pitching for Ottawa Nationals : RHP Lawrence Parsons
Batting: RHB Tong-sik Im 0-0: Ball
1-0: Ball
2-0: Called Strike
2-1: Ground out 6-3 (Groundball, 6, EV 82.5 MPH)
Batting: LHB Armando Vińa 0-0: Called Strike
0-1: Ball
1-1: Swinging Strike
1-2: Foul Ball, location: 2F
1-2: Strikes out swinging
Batting: RHB Sergio Chávez 0-0: Ball
1-0: Ground out 5-3 (Groundball, 5S, EV 83.1 MPH)
Top of the 9th over - 0 runs, 0 hits, 0 errors, 0 left on base; San Antonio 6 - Ottawa 0
BOTTOM OF THE 9TH
Ottawa Nationals batting - Pitching for San Antonio BC : RHP Johnny O'Quinn
Batting: RHB Manuel Vroonland 0-0: Called Strike
0-1: Ball
1-1: SINGLE (Groundball, 6MD, EV 104.4 MPH)
Batting: RHB Cheh Zhi 0-0: Swinging Strike
0-1: SINGLE (Line Drive, 6D, EV 94.4 MPH)
Manuel Vroonland to second
Batting: RHB Chi-hyeong Kim 0-0: Foul Ball, location: 2F
0-1: Called Strike
0-2: Ball
1-2: Strikes out looking
Batting: LHB Jason Powell 0-0: Ball
1-0: Ball
2-0: Called Strike
2-1: Ball
3-1: Foul Ball, location: 2F
3-2: Foul Ball, location: 2F
3-2: Base on Balls
Manuel Vroonland to third
Cheh Zhi to second
Batting: SHB Júlio Moreno 0-0: Called Strike
0-1: Foul Ball, location: 2F
0-2: GRAND SLAM HOME RUN (Flyball, 89XD, EV 89.4 MPH), Distance : 379 ft
Pitching: RHP Tuna Altuna
Now in LF: Alfonso Torres
Batting: LHB Luis Soto 0-0: Ball
1-0: Called Strike
1-1: Ball
2-1: Ball
3-1: Base on Balls
Batting: RHB Cary Collins 0-0: Called Strike
0-1: SINGLE (Line Drive, 9S, EV 109.4 MPH)
Luis Soto to second
Batting: RHB Sallvador Rebola 0-0: Ball
1-0: Ball
2-0: Ball
3-0: Called Strike
3-1: Base on Balls
Luis Soto to third
Cary Collins to second
Batting: RHB Rey McSriff 0-0: Called Strike
0-1: Foul Ball, location: 2F
0-2: Ball
1-2: SINGLE (Groundball, 6MD, EV 95.0 MPH)
Luis Soto scores
Cary Collins to third
Sallvador Rebola to second
Batting: RHB Manuel Vroonland 0-0: SINGLE (Line Drive, 9S, EV 98.1 MPH)
Cary Collins scores
Sallvador Rebola to third
Rey McSriff to second
Batting: RHB Cheh Zhi 0-0: Ball
1-0: Ball
2-0: SINGLE (Groundball, 6MD, EV 97.5 MPH)
Sallvador Rebola scores
Friday, April 17th, 2020 - OOTP Baseball 20.8 Build 74